 Dungeon Crawl Stone Soup version 0.29.1-1-gd02db6906a (webtiles) character file.

Game seed: 11661604599045992614

72 lonewolfV2 the Covered (level 4, -1/41 HPs)
             Began as a Minotaur Fighter on Oct 19, 2022.
             Slain by an orc wizard
             ... wielding a +0 dagger
              (3 damage)
             ... on level 3 of the Dungeon.
             The game lasted 00:06:54 (2749 turns).

lonewolfV2 the Covered (Minotaur Fighter)           Turns: 2749, Time: 00:06:55

Health: -1/41      AC:  8    Str: 22    XL:     4   Next: 7%
Magic:  3/3        EV:  9    Int:  5    God:
Gold:   140        SH:  4    Dex: 10    Spells: 3/3 levels left

rFire   . . .      SeeInvis .   a - +1 flail
rCold   . . .      Faith    .   c - +0 buckler
rNeg    . . .      Spirit   .   b - +1 scale mail
rPois   .          Reflect  .   (helmet restricted)
rElec   .          Harm     .   (no cloak)
rCorr   .          Rampage  .   (no gloves)
Will    .....                   (no boots)
Stlth   ..........              (no amulet)
HPRegen 0.13/turn               (no ring)
MPRegen 0.08/turn               (no ring)

@: lethally poisoned (-1 -> -23), hasted, very quick
A: horns 2, retaliatory headbutt
a: no special abilities


You were on level 3 of the Dungeon.
You visited 1 branch of the dungeon, and saw 3 of its levels.

You collected 140 gold pieces.

Inventory:

Hand Weapons
 a - a +1 flail (weapon)
Armour
 b - a +1 scale mail (worn)
 c - a +0 buckler (worn)
Scrolls
 e - a scroll of amnesia
 g - 3 scrolls of identify
 h - a scroll of enchant armour
 l - a scroll of teleportation
Potions
 d - a potion of might
 f - a potion of invisibility
 j - a potion of curing {unknown}
 k - a potion of lignification {unknown}
 n - a potion of flight {unknown}
 o - a potion of haste
 p - a potion of brilliance {unknown}


   Skills:
 + Level 4.3 Fighting
 + Level 3.3 Maces & Flails
 + Level 4.3 Armour
 + Level 4.3 Shields


You had 3 spell levels left.
You didn't know any spells.
Your spell library was empty.

Dungeon Overview and Level Annotations

Branches:
Dungeon (3/15)

Altars:


Innate Abilities, Weirdness & Mutations

You have a pair of horns on your head.
You reflexively headbutt those who attack you in melee.


Message History

The adder attacks as you move away! The adder bites you.
The orc zaps a wand.
Some rock shatters into small pieces.
You completely miss the adder.
The adder is moderately wounded.
You block the adder's attack. Something hits you. You block the adder's attack.
The orc zaps a wand.
Some rock shatters into small pieces.
The now-empty wand crumbles to dust.
Something hits you but does no damage.
You hit the adder. Your headbutt misses the adder.
The adder is heavily wounded.
The adder barely misses you. Something hits you but does no damage.
The iguana hisses menacingly.
The adder bites you but does no damage.
You thump the adder!
You kill the adder!
Something hits you but does no damage.
You have reached level 4!
You feel agile.
You barely miss the orc. Your headbutt misses the orc.
The orc hits you with a +1 whip of venom.
You are poisoned.
Something hits you.
You closely miss the orc.
You feel very sick. The orc hits you but does no damage.
You are lethally poisoned!
The iguana bites you.
* * * LOW HITPOINT WARNING * * *
You hear some strange, mumbled words.
Something tries to affect you, but you resist.
The iguana completely misses you.
The orc hits you with a +1 whip of venom.
* * * LOW HITPOINT WARNING * * *
You are more poisoned.
Something hits you.
* * * LOW HITPOINT WARNING * * *
It was a potion of haste.
You feel yourself speed up.
* * * LOW HITPOINT WARNING * * *
You feel very sick. The orc barely misses you. Something hits you.
You die... ♣ P♣ ...... ♣P PPP

####...># ##P♣P.
...........# ##...♣
#..........# #..♣PP
#..........+ #...♣
#..........# #@#.#
#..........##{ol.####
#..........'..o#.♣♣.♣♣♣♣#
#...............♣♣♣P♣P♣P♣#
###..............#♣♣P~P.P.P♣
........####..#..#♣.~~~..P.♣
..............#...♣P~~~.♣♣.♣
.....##....#..#.<.♣♣.~P♣♣#.#
.....##########..#.♣♣P♣♣♣..#


You could see an iguana and 2 orcs.

Vanquished Creatures
  Terence (D:2)
  2 adders
  A worm (D:2)
  2 endoplasms (D:1)
  A giant cockroach (D:2)
  3 goblins
  3 hobgoblins
  2 kobolds (D:1)
  A quokka (D:1)
  3 ball pythons (D:1)
  5 bats
  3 frilled lizards (D:1)
  3 rats
30 creatures vanquished.

Notes
Turn   | Place    | Note
-------+----------+-------------------------------------------
     0 | D:1      | lonewolfV2 the Minotaur Fighter began the quest for the
                  | Orb.
     0 | D:1      | Reached XP level 1. HP: 19/19 MP: 0/0
   253 | D:1      | Reached XP level 2. HP: 27/27 MP: 1/1
   328 | D:1      | Found a faded altar of an unknown god.
  1344 | D:2      | Reached XP level 3. HP: 17/33 MP: 2/2
  1563 | D:2      | Noticed Terence
  1581 | D:2      | Killed Terence
  2747 | D:3      | Reached XP level 4. HP: 21/41 MP: 3/3
  2749 | D:3      | HP: 2/41 [poisoned by an orc]
  2749 | D:3      | Slain by an orc wizard

Illustrated notes

Levels and vault maps discovered:
D:1:      lightli_arrival_noodles, layout_basic, ebering_ecumenical_altar_hall
D:2:      layout_basic, minmay_pentomino_x2, uniq_terence
D:3:      layout_basic, serial_forest, infiniplex_forest_end_2,
          infiniplex_forest_clump_double, infiniplex_forest_side_room,
          infiniplex_forest_lined_corner, infiniplex_forest_pool,
          infiniplex_forest_end_2, uniq_jessica

Skill      XL: |  1  2 |
---------------+-------+-----
Armour         | 4 |  4.3
Shields        | 4 |  4.3
Fighting       | 4 |  4.3
Maces & Flails | 3 |  3.3

Action                   |  1- 3 |  4- 6 || total
-------------------------+-------+-------++-------
Melee: Flail             |    92 |     2 ||    94
       Headbutt          |    10 |       ||    10
  Use: Scroll            |     9 |       ||     9
       Potion            |       |     1 ||     1
Armor: Scale mail        |    50 |     1 ||    51
Dodge: Dodged            |    51 |     2 ||    53
Block: Buckler           |    24 |       ||    24
